 Dungeon Crawl Stone Soup version 0.25.1-2-g60ff931df9 (webtiles) character file.

Game seed: 17012248584094723156

1057 DearestLeader the Geomancer (level 8, 0/41 HPs)
             Began as a Gargoyle Earth Elementalist on Sept 17, 2020.
             Was a Follower of Vehumet.
             Slain by a bullfrog (1 damage)
             ... on level 9 of the Dungeon.
             The game lasted 00:14:23 (5370 turns).

DearestLeader the Geomancer (GrEE)                  Turns: 5370, Time: 00:14:23

Health: 0/41       AC:  8    Str: 13    XL:     8   Next: 27%
Magic:  10/14      EV: 12    Int: 17    God:    Vehumet [*.....]
Gold:   289        SH:  0    Dex: 10    Spells: 4/15 levels left

rFire    . . .     SeeInvis .   l - +2 dagger (drain)
rCold    . . .     Gourm    .   (no shield)
rNeg     + . .     Faith    .   c - +0 robe
rPois    ∞         Spirit   .   B - +0 helmet
rElec    +         Reflect  .   (no cloak)
rCorr    .         Harm     .   (no gloves)
MR       .....                  (no boots)
Stlth    +++.......             (no amulet)
HPRegen  0.13/turn              v - ring of stealth
MPRegen  0.14/turn              C - ring of wizardry

@: no status effects
A: negative energy resistance 1, electricity resistance, unbreathing,
petrification resistance, rot immunity, AC +5
a: Renounce Religion


You were on level 9 of the Dungeon.
You worshipped Vehumet.
Vehumet was aware of your devotion.
You were not hungry.

You visited 2 branches of the dungeon, and saw 10 of its levels.
You also visited: Sewer.

You collected 289 gold pieces.

Inventory:

Hand Weapons
 h - a +1 vampiric dagger
 l - a +2 dagger of draining (weapon)
 q - a +1 dagger of speed
Missiles
 b - 131 stones (quivered)
Armour
 c - a +0 robe (worn)
 B - a +0 helmet (worn)
Jewellery
 u - an uncursed ring of ice
 v - a ring of stealth (left hand)
 C - a ring of wizardry (right hand)
Wands
 m - a wand of clouds (2)
 D - a wand of enslavement (5)
Scrolls
 g - a scroll of immolation {unknown}
 j - 3 scrolls of teleportation
 p - a scroll of enchant armour {unknown}
 t - a scroll of remove curse {unknown}
 x - 2 scrolls of identify
 y - a scroll of blinking
Potions
 a - a potion of mutation {unknown}
 e - a potion of cancellation
 f - a potion of might {unknown}
 i - 3 potions of heal wounds
 k - 2 potions of resistance {unknown}
 n - 2 potions of degeneration {unknown}
 o - 2 potions of curing {unknown}
 r - 2 potions of magic {unknown}
 s - 2 potions of flight {unknown}
 w - 2 potions of haste {unknown}
 z - a potion of invisibility {unknown}
 A - a potion of lignification {unknown}
 E - a potion of brilliance {unknown}
Comestibles
 d - 10 rations


   Skills:
 - Level 1.5 Dodging
 - Level 2.1 Stealth
 + Level 4.2 Spellcasting
 + Level 3.1 Conjurations
 - Level 0.7 Transmutations
 * Level 10.0 Earth Magic


You had 4 spell levels left.
You knew the following spells:

 Your Spells              Type           Power        Failure   Level  Hunger
a - Sandblast             Erth           #####.       1%          1    None
b - Stone Arrow           Conj/Erth      ####..       1%          3    ###....
c - Lee's Rapid Deconstr  Erth           #####.....   2%          5    ######.
d - Passwall              Tmut/Erth      ###.....     1%          2    ##.....

Your spell library contained the following spells:

 Spells                   Type           Power        Failure   Level  Hunger
 Magic Dart               Conj           ##..         1%          1    None
 Petrify                  Tmut/Erth      ###.....     7%          4    ####...


Dungeon Overview and Level Annotations

Branches:
Dungeon (10/15)            Temple (1/1) D:4           Sewer (visited)
   Lair: D:8-11         Orc: D:9-12

Altars:
Ashenzari
Dithmenos
Fedhas
Gozag
Makhleb
Okawaru
Qazlal
Ru
Sif Muna
Vehumet
Yredelemnul
Zin
The Shining One

Shops:
D:4 (   D:5 (   D:9 %

Annotations:
D:9 Grum


Innate Abilities, Weirdness & Mutations

You are resistant to torment.
Your stone body is resilient. (AC +5)
You are immune to poison.
You resist negative energy. (rN+)
You are resistant to electric shocks. (rElec)
You can survive without breathing.
You are immune to petrification.
You are immune to rotting.


Message History

The blast of sand hits the water moccasin zombie!!
The water moccasin zombie is heavily damaged.
b - 132 stones The water moccasin zombie bites you but does no damage.
The worker ant bites you.
* * * LOW HITPOINT WARNING * * *
Casting: Sandblast (safe; 1% risk of failure)
Confirm with . or Enter, or press ? or * to list all spells.
Aiming: Sandblast (safe; 1% risk of failure)
Press: ? - help, Shift-Dir - straight line, f/p - water moccasin zombie
Aim: a water moccasin zombie (heavily damaged)
The blast of sand misses the water moccasin zombie.
b - 131 stones Your surroundings suddenly seem different.
A bullfrog comes into view.
The bullfrog gives a loud, deep croak!
The bullfrog hits you.
* * * LOW HITPOINT WARNING * * *
The bullfrog hits you.
You die...

.......
....... #..
..# .....g.
#..#####..#
..o.ho.
#.........#
h......
#.........#
....h..
#.........#
#.........#
#.........#
#...@..(..#
#..F......#
#..Y......#
#.........#
#.........#
#..:....∩.#
#.........#
#.........#


You could see an ice beast and a bullfrog.

Vanquished Creatures
  2 ogres (D:4)
  A phantom (D:5)
  A wolf (D:9)
  A crocodile (Sewer)
  A big kobold (D:10)
  2 howler monkeys
  A hound (D:2)
  3 orc priests (D:3)
  A centaur skeleton (D:5)
  2 orc wizards
  2 worker ants
  A hound zombie (D:5)
  A river rat (D:5)
  7 adders
  2 oozes
  An adder skeleton (D:4)
  4 worms
  2 dart slugs
  2 leopard geckos
  20 orcs
  7 bats
  6 giant cockroaches
  10 goblins
  5 hobgoblins
  8 jackals
  A quokka (D:5)
  5 frilled lizards
  A jackal skeleton (D:4)
  15 kobolds
  A quokka zombie (D:5)
  15 rats
131 creatures vanquished.

Notes
Turn   | Place    | Note
-------+----------+-------------------------------------------
     0 | D:1      | DearestLeader the Gargoyle Earth Elementalist began the
                  | quest for the Orb.
     0 | D:1      | Reached XP level 1. HP: 10/10 MP: 3/3
   151 | D:1      | Reached skill level 4 in Earth Magic
   387 | D:1      | Reached XP level 2. HP: 15/15 MP: 5/5
  1205 | D:2      | Reached skill level 5 in Earth Magic
  1205 | D:2      | Reached XP level 3. HP: 19/19 MP: 3/6
  1247 | D:2      | Learned a level 3 spell: Stone Arrow
  1323 | D:2      | Found an iron altar of Okawaru.
  1430 | D:2      | Found a burning altar of Makhleb.
  1435 | D:2      | Reached skill level 6 in Earth Magic
  1435 | D:2      | Reached XP level 4. HP: 21/24 MP: 1/7
  1863 | D:3      | Reached XP level 5. HP: 24/28 MP: 4/8
  1909 | D:3      | Found a glowing golden altar of the Shining One.
  1920 | D:3      | Reached skill level 7 in Earth Magic
  2534 | D:3      | Reached XP level 6. HP: 20/32 MP: 0/9
  3404 | D:3      | Reached skill level 8 in Earth Magic
  3676 | D:4      | Reached XP level 7. HP: 36/36 MP: 5/11
  3686 | D:4      | Learned a level 5 spell: Lee's Rapid Deconstruction
  3689 | D:4      | Learned a level 2 spell: Passwall
  3799 | D:4      | Found a staircase to the Ecumenical Temple.
  3812 | Temple   | Entered the Ecumenical Temple
  3837 | Temple   | Became a worshipper of Vehumet
  4114 | D:4      | Reached skill level 1 in Conjurations
  4189 | D:4      | Found Sedwuch's Antique Weapon Emporium.
  4355 | D:5      | Entered Level 5 of the Dungeon
  4355 | D:5      | Found a stormy altar of Qazlal.
  4376 | D:5      | Reached skill level 9 in Earth Magic
  4525 | D:5      | Found a shadowy altar of Dithmenos.
  4613 | D:5      | Found a glowing drain.
  4617 | Sewer    | Entered a sewer
  4909 | D:5      | Found a sacrificial altar of Ru.
  4930 | D:5      | Reached * piety under Vehumet
  4930 | D:5      | Offered knowledge of Magic Dart by Vehumet.
  5028 | D:5      | Found Gopreast's Weapon Emporium.
  5164 | D:5      | Reached XP level 8. HP: 38/41 MP: 9/13
  5235 | D:5      | You fall into a shaft and drop 3 floors!
  5280 | D:7      | You fall into a shaft and drop 3 floors!
  5280 | D:10     | Entered Level 10 of the Dungeon
  5352 | D:9      | Noticed Grum
  5366 | D:9      | Reached skill level 10 in Earth Magic
  5370 | D:9      | Found Udoxzi's Food Shoppe.
  5370 | D:9      | HP: 1/41 [bullfrog (3)]
  5370 | D:9      | Slain by a bullfrog

Illustrated notes

Levels and vault maps discovered:
D:1:      lightli_arrival_flooded_house, layout_basic, chequers_decorated_corner
D:2:      layout_basic, kennysheep_okawaru_gauntlet, makhleb_blood_cavern_becter
D:3:      minmay_thinvault, layout_basic, lemuel_doored_altar, first_ration
D:4:      layout_basic, minmay_temple_entry_junction, serial_shops, shop
D:5:      layout_loops_cross, hangedman_ru_absence, xom_teletrap_fun,
          gup_sewer_entry_bowl, basic_altar, serial_shops, shop, minivault_4,
          grunt_dithmenos_smoke, uniq_menkaure, uniq_duvessa
D:7:      minmay_the_grid_octo_tiled_squarecenter [minmay_the_grid_octo_chip,
          minmay_the_grid_octo_clover_2, minmay_the_grid_octo_odd_swirl,
          minmay_the_grid_octo_fat_diamond,
          minmay_the_grid_square_5x5_megaprize_open,
          minmay_the_grid_square_5x5_tri_point,
          minmay_the_grid_square_5x5_eight_small,
          minmay_the_grid_square_5x5_six, minmay_the_grid_square_5x5_minivault],
          layout_gridville
D:8:      layout_gridville, serial_shops, nicolae_shop_behind_doors,
          uniq_maurice, uniq_maggie
D:9:      layout_stronghold, serial_shops, shop, kennysheep_mini,
          nicolae_shop_statue_plus, grunt_livestock, st_stairs_9, uniq_grum
D:10:     layout_basic, serial_bayou_pond_b
Temple:   eino_temple_rhombus

Skill      XL: |  1  2  3  4  5  6  7  8 |
---------------+-------------------------+-----
Earth Magic    | 4 5 6 7 8 9 10 | 10.0
Spellcasting   | 3 4 |  4.2
Conjurations   | 2 3 |  3.1
Dodging        | |  1.5
Stealth        | |  2.1
Transmutations | |  0.7

Action                   |  1- 3 |  4- 6 |  7- 9 || total
-------------------------+-------+-------+-------++-------
Melee: Unarmed           |    35 |       |       ||    35
       Dagger            |    45 |   104 |   108 ||   257
 Cast: Sandblast         |    19 |    49 |    31 ||    99
  Use: Scroll            |       |     7 |     1 ||     8
 Stab: Sleeping          |     4 |       |     7 ||    11
  Eat: Chunk             |     2 |     8 |     5 ||    15
Armor: Robe              |    26 |    48 |    44 ||   118
Dodge: Dodged            |    53 |    64 |    78 ||   195
